 Dungeon Crawl Stone Soup version 0.27-a0-978-g2aa4ecd (webtiles) character file.

Game seed: 15679555402564854246

992 Nithhogg the Disciple of Destruction (level 7, -5/56 HPs)
             Began as a Demonspawn Fighter on Apr 14, 2021.
             Was a Follower of Makhleb.
             Slain by an orc warrior
             ... wielding a +0 short sword
              (6 damage)
             ... on level 5 of the Dungeon.
             The game lasted 00:08:06 (6744 turns).

Nithhogg the Disciple of Destruction (DsFi)         Turns: 6744, Time: 00:08:06

Health: -5/56      AC:  8    Str: 18    XL:     7   Next: 98%
Magic:  10/10      EV:  8    Int:  9    God:    Makhleb [*.....]
Gold:   269        SH:  9    Dex: 13    Spells: 6/6 levels left

rFire    . . .     SeeInvis +   a - +1 war axe
rCold    . . .     Faith    .   c - +0 kite shield
rNeg     . . .     Spirit   .   b - +1 scale mail
rPois    .         Reflect  .   (helmet unavailable)
rElec    .         Harm     .   (no cloak)
rCorr    .         Rampage  .   (no gloves)
Will     +....                  (no boots)
Stlth    ..........             (no amulet)
HPRegen  0.18/turn              h - ring of flight
MPRegen  0.12/turn              l - ring of willpower

@: flying
A: antennae 3, spiny 1
a: Renounce Religion


You were on level 5 of the Dungeon.
You worshipped Makhleb.
Makhleb was aware of your devotion.
You visited 2 branches of the dungeon, and saw 7 of its levels.

You collected 269 gold pieces.

Inventory:

Hand Weapons
 a - a +1 war axe (weapon)
Armour
 b - a +1 scale mail (worn)
 c - a +0 kite shield (worn)
Jewellery
 h - a ring of flight (left hand)
 l - a ring of willpower (right hand)
Scrolls
 f - a scroll of vulnerability {unknown}
 g - a scroll of identify
 k - 2 scrolls of enchant weapon
 m - a scroll of silence {unknown}
Potions
 d - 3 potions of might
 e - a potion of curing {unknown}
 i - a potion of heal wounds
 j - a potion of magic
 n - a potion of flight {unknown}


   Skills:
 + Level 5.0 Fighting
 + Level 4.0 Axes
 + Level 4.6 Armour
 + Level 3.4 Dodging
 - Level 2.6 Shields
 + Level 5.1 Invocations


You had 6 spell levels left.
You didn't know any spells.
Your spell library contained the following spells:

 Spells                   Type           Power      Damage    Failure   Level
 Corona                   Hex            0%         N/A       99%         1
 Summon Small Mammal      Summ           0%         N/A       99%         1
 Call Imp                 Summ           0%         N/A       100%        2
 Slow                     Hex            0%         N/A       100%        2
 Call Canine Familiar     Summ           0%         N/A       100%        3
 Confusing Touch          Hex            0%         N/A       100%        3
 Gell's Gravitas          Tloc           0%         N/A       100%        3
 Inner Flame              Hex/Fire       0%         N/A       100%        3
 Portal Projectile        Hex/Tloc       0%         N/A       100%        3
 Summon Guardian Golem    Hex/Summ       0%         N/A       100%        3
 Cause Fear               Hex            0%         N/A       100%        4
 Leda's Liquefaction      Hex/Erth       0%         N/A       100%        4
 Petrify                  Tmut/Erth      0%         N/A       100%        4
 Summon Ice Beast         Ice/Summ       0%         N/A       100%        4
 Summon Lightning Spire   Summ/Air       0%         N/A       100%        4
 Metabolic Englaciation   Hex/Ice        0%         N/A       100%        5
 Yara's Violent Unravell  Hex/Tmut       0%         3d3       100%        5


Dungeon Overview and Level Annotations

Branches:
Dungeon (6/15)             Temple (1/1) D:4

Altars:
Dithmenos
Elyvilon
Fedhas
Gozag
Hepliaklqana
Makhleb
Qazlal
Ru
Trog
Uskayaw
Xom
Yredelemnul
Zin
The Shining One

Shops:
D:2 [   D:5 *

Annotations:
D:2 1500gold dragon king armor
D:5 5 runed translucent doors


Innate Abilities, Weirdness & Mutations

You have a pair of large antennae on your head. (SInv)
You are partially covered in sharp spines.


Message History

You fly upwards.
Level annotation: 5 runed translucent doors
There is a stone staircase leading down here.
You slash the orc warrior!
The orc warrior is moderately wounded.
The orc warrior hits you with a +0 short sword.
You barely miss the orc warrior.
The orc warrior is moderately wounded.
The orc warrior hits you with a +0 short sword!
You block the orc warrior's attack.
You closely miss the orc warrior.
The orc warrior is moderately wounded.
The orc warrior hits you with a +0 short sword!
You are too injured to fight recklessly!
You are too injured to fight recklessly!
You are too injured to fight recklessly!
You are too injured to fight recklessly!
You are too injured to fight recklessly!
You are too injured to fight recklessly!
You are too injured to fight recklessly!
You are too injured to fight recklessly!
You are too injured to fight recklessly!
You are too injured to fight recklessly!
You are too injured to fight recklessly!
You are too injured to fight recklessly!
You are too injured to fight recklessly!
You are too injured to fight recklessly!
You are too injured to fight recklessly!
You are too injured to fight recklessly!
You are too injured to fight recklessly!
You slash the orc warrior!
The orc warrior is severely wounded.
The orc warrior hits you with a +0 short sword!
* * * LOW HITPOINT WARNING * * *
The orc warrior hits you with a +0 short sword!
* * * LOW HITPOINT WARNING * * *
You hit the orc warrior.
The orc warrior is severely wounded.
The orc warrior hits you with a +0 short sword.
You die...

##### #......# ....# #......#
###.# #####..# #.## #..#
###..##########..#
.............##..#
####..######.##..#
...<.....###.##..############
.............<.o@...........#
.##.#..#.##.###############.#
.##.#..#.##.# #.# .##.#....##.#
#.# ###.#.#..##.# #.#
....#.#..##.### #.#
......#.......#############.#
#######..##.#.#...........#.#
............#.#.#########.#.#####


You could see an orc warrior.

Vanquished Creatures
  Sigmund (D:5)
  3 ogres
  A centaur (D:6)
  A hound (D:6)
  A gnoll shaman (D:4)
  4 orc priests
  3 orc wizards (D:4)
  2 hound skeletons
  5 gnolls
  4 adders
  A white imp (D:5)
  4 ufetubi
  An adder skeleton (D:4)
  21 orcs
  5 ball pythons
  6 bats
  11 endoplasms
  6 giant cockroaches
  7 goblins
  7 hobgoblins
  2 jackals
  5 quokkas
  A frilled lizard (D:1)
  7 kobolds
  4 rats
113 creatures vanquished.

Vanquished Creatures (collateral kills)
  A ball python (D:2)
1 creature vanquished.

Grand Total: 114 creatures vanquished

Notes
Turn   | Place    | Note
-------+----------+-------------------------------------------
     0 | D:1      | Nithhogg the Demonspawn Fighter began the quest for the
                  | Orb.
     0 | D:1      | Reached XP level 1. HP: 18/18 MP: 1/1
   132 | D:1      | Found a faded altar of an unknown god.
   293 | D:1      | Gained mutation: You have a pair of small antennae on your
                  | head. [demonic ancestry]
   293 | D:1      | Reached XP level 2. HP: 18/24 MP: 2/2
   400 | D:1      | Reached skill level 1 in Invocations
  1093 | D:2      | Gained mutation: You have a pair of antennae on your head.
                  | [demonic ancestry]
  1093 | D:2      | Reached XP level 3. HP: 23/29 MP: 2/4
  1097 | D:2      | Reached skill level 1 in Dodging
  1304 | D:2      | Found Jaijurgh's Armour Emporium.
  2325 | D:3      | Found a shimmering altar of Xom.
  2328 | D:3      | Found a blossoming altar of Fedhas.
  2440 | D:3      | Reached XP level 4. HP: 20/35 MP: 5/5
  3438 | D:4      | Noticed an ogre
  3459 | D:4      | Killed an ogre
  3460 | D:4      | Gained mutation: You are partially covered in sharp spines.
                  | [demonic ancestry]
  3460 | D:4      | Reached XP level 5. HP: 16/42 MP: 5/7
  4356 | D:4      | Gained mutation: You have a pair of large antennae on your
                  | head. (SInv) [demonic ancestry]
  4356 | D:4      | Reached XP level 6. HP: 48/48 MP: 8/8
  4547 | D:4      | Found an opulent altar of Gozag.
  4576 | D:4      | Found a shadowy altar of Dithmenos.
  4578 | D:4      | Found a hide-covered altar of Uskayaw.
  4666 | D:4      | Found a staircase to the Ecumenical Temple.
  4686 | Temple   | Entered the Ecumenical Temple
  4720 | Temple   | Became a worshipper of Makhleb the Destroyer
  5117 | D:4      | Found a hazy altar of Hepliaklqana.
  5156 | D:4      | Found a stormy altar of Qazlal.
  5158 | D:4      | Found a faded altar of an unknown god.
  5159 | D:4      | Found a faded altar of an unknown god.
  5234 | D:5      | Entered Level 5 of the Dungeon
  5294 | D:5      | Reached XP level 7. HP: 47/55 MP: 10/10
  5384 | D:5      | Noticed a redback
  5390 | D:5      | Found a runed translucent gate.
  5390 | D:5      | Noticed a redback
  5391 | D:5      | Found a runed translucent gate.
  5391 | D:5      | Found a runed translucent door.
  5391 | D:5      | Noticed a redback
  5400 | D:5      | Found a runed translucent door.
  5402 | D:5      | Found the +9 staff of Olgreb {rPois∞}
  5422 | D:5      | Found a runed translucent gate.
  5423 | D:5      | Noticed Sigmund
  5432 | D:5      | Killed Sigmund
  5476 | D:5      | Found Bomo's General Store.
  5700 | D:5      | Reached * piety under Makhleb
  6483 | D:6      | Reached skill level 5 in Invocations
  6486 | D:6      | Reached skill level 5 in Fighting
  6743 | D:5      | HP: 1/56 [orc warrior/+0 short sword (9)]
  6744 | D:5      | Slain by an orc warrior

Illustrated notes

Levels and vault maps discovered:
D:1:      lemuel_arrival_muddy, layout_basic, basic_ecumenical_altar
D:2:      layout_basic, serial_shops, nicolae_shop_statue_plus, st_stairs_5,
          nrook_loot_triangle, minivault_26
D:3:      cheibrodos_helix_gallery, layout_basic, grunt_temple_overflow_diamond,
          st_stairs_6
D:4:      minmay_diamond_boxcup, layout_loops_ring,
          nicolae_overflow_hidden_temple, chequers_temple_overflow_minitemple,
          minmay_temple_entry_stoned_glass, minmay_ruptured
D:5:      layout_basic, serial_shops, nicolae_shop_statue_plus,
          minmay_guarded_unrand_staff_of_olgreb, uniq_sigmund
D:6:      layout_cave_pools, serial_gnoll_camp, gnoll_camp_mini_doghouse,
          gnoll_camp_huts_basic, gnoll_camp_medium_01, gnoll_camp_medium_02,
          kennysheep_generic_room_5
Temple:   oiseaux_autumnal_temple

Skill      XL: |  1  2  3  4  5  6  7 |
---------------+----------------------+-----
Axes           | 2 3 4 |  4.0
Invocations    | 1 2 3 4 5 |  5.1
Armour         | 3 4 |  4.6
Dodging        | 1 2 3 |  3.4
Fighting       | 4 5 |  5.0
Shields        | |  2.6

Action                   |  1- 3 |  4- 6 |  7- 9 || total
-------------------------+-------+-------+-------++-------
Melee: War axe           |   143 |   115 |    51 ||   309
Evoke: Wand              |       |    14 |     9 ||    23
  Use: Potion            |     4 |     3 |       ||     7
       Scroll            |     2 |     4 |     2 ||     8
Armor: Scale mail        |    74 |    36 |    28 ||   138
       Skin              |     7 |       |       ||     7
Dodge: Dodged            |    45 |    43 |    31 ||   119
Block: Kite shield       |    86 |    58 |    32 ||   176

Table legend: (Time is in decaauts)
 A = Elapsed time spent in this place.
 B = Non-inter-level travel time spent in this place.
 C = Inter-level travel time spent in this place.
 D = Time resting spent in this place.
 E = Time spent auto-exploring this place.
 F = Levels seen in this place.
 G = Mean time per level.
                   A        B        C        D        E       F      G
               +--------+--------+--------+--------+--------+-----+--------+
         Total |   6921 |   6709 |    212 |    144 |   5612 |   7 |  988.7 |
       Dungeon |   6857 |   6674 |    183 |    144 |   5586 |   6 | 1142.8 |
        Temple |     63 |     34 |     29 |      0 |     26 |   1 |   63.0 |
               +--------+--------+--------+--------+--------+-----+--------+

Top non-repeatable levels by time:
     D:4: 1948 daAuts
     D:3: 1658 daAuts
     D:5: 1414 daAuts
     D:2: 863 daAuts
     D:1: 843 daAuts
     D:6: 129 daAuts
  Temple: 63 daAuts
